 Dungeon Crawl Stone Soup version 0.19.5 (webtiles) character file.

413 tricornhat the Cudgeler (level 6, 0/72 HPs)
             Began as a Demonspawn Berserker on Apr 23, 2017.
             Was a Priest of Trog.
             Killed by nerve-wracking pain
             ... invoked by Grinder
              (9 damage)
             ... on level 4 of the Dungeon.
             The game lasted 00:15:05 (4397 turns).

tricornhat the Cudgeler (Demonspawn Berserker)      Turns: 4397, Time: 00:15:05

Health: 0/72       AC: 11    Str: 25    XL:     6   Next: 59%
Magic:  6/6        EV:  9    Int:  8    God:    Trog [***...]
Gold:   154        SH:  0    Dex: 12    Spells: 0 memorised, 5 levels left

rFire  . . .     SeeInvis .     a - +1 mace
rCold  + . .     Gourm    .     h - +1 chain mail
rNeg   . . .     Faith    .     (no shield)
rPois  .         Spirit   .     (no helmet)
rElec  .         Reflect  .     (no cloak)
rCorr  .         Harm     .     s - +0 pair of gloves
MR     .....                    (no boots)
Stlth  ..........               (no amulet)
                                (no ring)
                                (no ring)

@: berserking, starving, very quick
A: hooves 2, cold resistance 1, spiny 2
a: Berserk, Trog's Hand, Burn Spellbooks, Renounce Religion


You were on level 4 of the Dungeon.
You worshipped Trog.
Trog was most pleased with you.
You were starving.

You visited 1 branch of the dungeon, and saw 4 of its levels.
You also visited: Sewer.

You collected 154 gold pieces.

Inventory:

Hand Weapons
 a - a +1 mace (weapon)
Armour
 b - a +0 animal skin
 h - a +1 chain mail (worn)
 s - a +0 pair of gloves (worn)
Jewellery
 q - an uncursed ring of protection from cold
 y - an uncursed ring of flight
Wands
 u - a wand of disintegration (13/24)
 x - a wand of lightning (2/15)
 A - a wand of lightning (9/15)
Scrolls
 d - a scroll of remove curse
 j - 2 scrolls of immolation
 k - 8 scrolls of teleportation
 l - a scroll of enchant weapon
 n - a scroll of enchant armour
 r - 2 scrolls of identify
 w - 2 scrolls of noise {unknown}
 C - a scroll of fear {unknown}
Potions
 e - a potion of might {unknown}
 f - 4 potions of curing {unknown}
 g - 2 potions of lignification {unknown}
 i - 2 potions of ambrosia {unknown}
 m - 2 potions of mutation {unknown}
 p - a potion of flight {unknown}
 v - 2 potions of heal wounds {unknown}
 z - a potion of magic {unknown}
 B - a potion of haste {unknown}
Comestibles
 c - 3 bread rations
 o - 2 beef jerkies
 t - 2 meat rations


   Skills:
 + Level 3.8 Fighting
 * Level 5.8 Maces & Flails
 + Level 2.9 Armour
 + Level 2.2 Dodging


You had 5 spell levels left.
You didn't know any spells.

Dungeon Overview and Level Annotations

Branches:
Dungeon (4/15)
 Temple: D:4-7

Altars:
Ashenzari
Ru

Annotations:
D:4 Grinder


Innate Abilities, Weirdness & Mutations

You have hoof-like feet.
Your flesh is cold resistant. (rC+)
You are mostly covered in sharp spines.


Message History

Grinder is heavily wounded.
Grinder gestures at you. Pain shoots through your body!
* * * LOW HITPOINT WARNING * * *
You hit Grinder.
Grinder is heavily wounded.
Grinder barely misses you.
You barely miss Grinder.
Grinder is heavily wounded.
Grinder is struck by your spines. Grinder hits you!
* * * LOW HITPOINT WARNING * * *
You sock Grinder! Your kick misses Grinder.
Grinder is almost dead.
Grinder hits you but does no damage.
A red film seems to cover your vision as you go berserk!
You feel yourself moving faster!
You feel mighty!
You are starving!
Grinder gestures at you. Pain shoots through your body!
You die...

.........###########..o5 ...
####...........# #.....
######. ...............# #....
#...... ####...........# #.#'#
#.... #...........#####.#.#
#.... ###.................#
#.... ##.................#
#....
#......##..........####.#....
#......##..5@.............##.
#.........######.######......
#.........# #.########.##.
#.........# #.............
#..(......#### #...####......
#............# #...# #.....#
##............# #...# #.....#
#.......#.....# #...####.#....
#......##.....###...........##


You could see Grinder.

Vanquished Creatures
  An ogre (D:4)
  A centaur zombie (D:3)
  A bullfrog skeleton (D:4)
  2 orc wizards (D:4)
  A worker ant (D:4)
  3 gnolls (D:4)
  5 adders
  4 worms
  3 dart slugs (D:1)
  3 leopard geckos
  2 orcs (D:4)
  8 ball pythons
  9 giant cockroaches
  8 goblins
  5 hobgoblins
  10 jackals
  5 quokkas
  9 bats
  7 frilled lizards
  A giant cockroach zombie (D:3)
  9 kobolds
  10 rats
107 creatures vanquished.

Notes
Turn   | Place    | Note
-------+----------+-------------------------------------------
     0 | D:1      | tricornhat the Demonspawn Berserker began the quest for the Orb.
     0 | D:1      | Reached XP level 1. HP: 18/18 MP: 1/1
    49 | D:1      | Reached skill level 3 in Maces & Flails
    51 | D:1      | Gained mutation: You have large cloven feet. [demonic ancestry]
    51 | D:1      | Reached XP level 2. HP: 9/24 MP: 2/2
  1063 | D:1      | Gained mutation: You have hoof-like feet. [demonic ancestry]
  1063 | D:1      | Reached XP level 3. HP: 29/29 MP: 3/3
  1545 | D:2      | Reached ** piety under Trog
  2053 | D:2      | Reached skill level 4 in Maces & Flails
  2304 | D:2      | Gained mutation: You are partially covered in sharp spines. [demonic ancestry]
  2304 | D:2      | Reached XP level 4. HP: 35/35 MP: 4/4
  2954 | D:3      | Found a shattered altar of Ashenzari.
  2985 | D:3      | Found a faded altar of an unknown god.
  3165 | D:3      | Reached *** piety under Trog
  3185 | D:3      | Gained mutation: Your flesh is cold resistant. (rC+) [demonic ancestry]
  3185 | D:3      | Reached XP level 5. HP: 41/41 MP: 5/5
  3187 | D:3      | Found a sacrificial altar of Ru.
  3603 | D:4      | Noticed Grinder
  3702 | D:4      | Reached skill level 5 in Maces & Flails
  3713 | D:4      | Noticed an ogre
  3724 | D:4      | Killed an ogre
  3724 | D:4      | Gained mutation: You are mostly covered in sharp spines. [demonic ancestry]
  3724 | D:4      | Reached XP level 6. HP: 28/47 MP: 6/6
  3992 | D:4      | Found a glowing drain.
  3999 | Sewer    | Entered a sewer
  4397 | D:4      | Killed from afar by Grinder

Skill      XL: |  1  2  3  4  5 |
---------------+----------------+-----
Maces & Flails | 3 4 5 |  5.8
Dodging        | 2 |  2.2
Armour         | 2 |  2.9
Fighting       | |  3.8

Action                   |  1- 3 |  4- 6 || total
-------------------------+-------+-------++-------
Melee: Mace              |   185 |   141 ||   326
       Kick              |    33 |    42 ||    75
Invok: Berserk           |     1 |     1 ||     2
  Use: Scroll            |       |     9 ||     9
  Eat: Chunk             |     4 |     6 ||    10
       Pizza             |       |     1 ||     1
Armor: Animal skin       |    21 |       ||    21
       Chain mail        |    76 |    71 ||   147
Dodge: Dodged            |   129 |    52 ||   181
